 Dungeon Crawl Stone Soup version 0.30-a0-782-ge64f9170bb (webtiles) character file.

Game seed: 1210284366280136789

4844 funkygono the Thaumaturge (level 10, -2/52 HPs)
             Began as a Gargoyle Fire Elementalist on Mar 8, 2023.
             Was a Follower of Sif Muna.
             Slain by a killer bee (4 damage)
             ... on level 8 of the Dungeon.
             The game lasted 00:15:07 (8448 turns).

funkygono the Thaumaturge (GrFE)                    Turns: 8448, Time: 00:15:08

Health: -2/52      AC: 19    Str: 11    XL:     10   Next: 49%
Magic:  7/22       EV: 13    Int: 21    God:    Sif Muna [*.....]
Gold:   616        SH:  0    Dex: 18    Spells: 9/26 levels left

rFire   . . .      SeeInvis .    c - +0 whip (protect)
rCold   . . .      Faith    .    (no shield)
rNeg    + . .      Spirit   .    B - +2 robe of the Slightly Bent {Will+ rCorr Dex+3}
rPois   ∞          Reflect  .    (no helmet)
rElec   +          Harm     .    e - +0 cloak of Pidghuvouwk {*Corrode Dex+5}
rCorr   +          Rampage  .    t - +2 pair of gloves
Will    +....                    (no boots)
Stlth   ++                       a - amulet of magic regeneration
HPRegen 0.28/turn                A - ring of wizardry
MPRegen 0.58/turn                b - +4 ring of protection

@: no status effects
A: sickness immunity, AC +7, negative energy resistance 1, electricity
resistance, torment resistance 1, petrification resistance
a: Renounce Religion, Channel Magic


You were on level 8 of the Dungeon.
You worshipped Sif Muna.
Sif Muna was aware of your devotion.
You visited 2 branches of the dungeon, and saw 9 of its levels.
You also visited: Ossuary.

You collected 616 gold pieces.

Inventory:

Hand Weapons
 c - a +0 whip of protection (weapon)
 f - a +0 club of flaming
 F - a +1 demon whip of venom
Armour
 e - the +0 cloak of Pidghuvouwk (worn) {*Corrode Dex+5}
   (You found it in an ossuary)

   Dex:       It affects your dexterity (+5).
   *Corrode:  It may corrode you when you take damage.
 p - the +1 ring mail of the Gate {Dex+3}
   (You found it on level 3 of the Dungeon)

   Dex:       It affects your dexterity (+3).
 t - a +2 pair of gloves (worn)
 v - an orb of light
 B - the +2 robe of the Slightly Bent (worn) {Will+ rCorr Dex+3}
   (You found it on level 6 of the Dungeon)

   Dex:       It affects your dexterity (+3).
   rCorr:     It protects you from acid and corrosion.
   Will:      It increases your willpower.
 E - +0 swamp dragon scales
 H - a +2 leather armour of fire resistance
Magical Staves
 r - a staff of earth
 y - a staff of death
Jewellery
 a - an amulet of magic regeneration (around neck)
 b - a +4 ring of protection (right hand)
 d - a ring of resist corrosion
 A - a ring of wizardry (left hand)
Wands
 o - a wand of flame (29)
 s - a wand of charming (3)
 x - a wand of mindburst (14) (quivered)
 G - a wand of digging (1)
Scrolls
 i - a scroll of summoning
 j - 3 scrolls of teleportation
 u - a scroll of blinking
 D - a scroll of fog
Potions
 g - 6 potions of berserk rage
 h - a potion of resistance {unknown}
 k - 2 potions of degeneration {unknown}
 l - 6 potions of curing
 m - a potion of might {unknown}
 n - a potion of haste {unknown}
 q - 2 potions of ambrosia
 w - a potion of invisibility {unknown}
 z - a potion of flight {unknown}
 C - a potion of attraction {unknown}


   Skills:
 + Level 1.1 Fighting
 + Level 0.5 Maces & Flails
 + Level 3.1 Dodging
 - Level 2.1 Stealth
 + Level 8.5 Spellcasting
 + Level 5.6 Conjurations
 + Level 1.6 Transmutations
 + Level 8.4 Fire Magic
 + Level 6.2 Poison Magic


You had 9 spell levels left.
You knew the following spells:

 Your Spells              Type           Power      Damage    Failure   Level
a - Foxfire               Conj/Fire      100%       2x1d9     1%          1
b - Scorch                Fire           88%        2d9       1%          2
c - Kindle Blastsparks    Fire/Tloc/Air  40%        2d13      2%          3
d - Flame Wave            Conj/Fire      38%        2d10      1%          4
e - Olgreb's Toxic Radia  Pois           35%        N/A       2%          4
f - Ignite Poison         Fire/Tmut/Pois 31%        N/A       1%          3

Your spell library contained the following spells:

 Spells                   Type           Power      Damage    Failure   Level
 Magic Dart               Conj           100%       1d8       1%          1
 Sting                    Tmut/Pois      100%       1d8       1%          1
 Poisonous Vapours        Pois/Air       44%        N/A       1%          2
 Inner Flame              Hex/Fire       26%        N/A       1%          3
 Mephitic Cloud           Conj/Pois/Air  25%        N/A       1%          3
 Dazzling Flash           Conj/Hex       40%        N/A       2%          3
 Summon Small Mammal      Summ           32%        N/A       3%          1
 Call Imp                 Summ           8%         N/A       4%          2
 Call Canine Familiar     Summ           8%         N/A       9%          3
 Gell's Gravitas          Tloc           8%         N/A       9%          3
 Portal Projectile        Hex/Tloc       16%        N/A       9%          3
 Summon Guardian Golem    Hex/Summ       8%         N/A       9%          3
 Teleport Other           Tloc           8%         N/A       9%          3
 Tukima's Dance           Hex            8%         N/A       9%          3
 Iskenderun's Mystic Bla  Conj/Tloc      20%        2d6       10%         4
 Irradiate                Conj/Tmut      12%        3d15      19%         5
 Starburst                Conj/Fire      19%        6d7       26%         6
 Freezing Cloud           Conj/Ice/Air   8%         6-21      34%         5
 Blade Hands              Tmut           7%         N/A       38%         5
 Dispersal                Tloc           4%         N/A       98%         6
 Summon Cactus Giant      Summ           4%         N/A       98%         6
 Dragon Form              Tmut           7%         N/A       100%        7


Dungeon Overview and Level Annotations

Branches:
Dungeon (8/15)             Temple (1/1) D:5         Ossuary (visited)
   Lair: D:8-11

Altars:
Ashenzari
Cheibriados
Dithmenos
Elyvilon
Fedhas
Gozag
Hepliaklqana
Kikubaaqudgha
Makhleb
Nemelex Xobeh
Okawaru
Qazlal
Ru
Sif Muna
Trog
Uskayaw
Vehumet
Wu Jian
Xom
Yredelemnul
Zin

Shops:
D:3 (   D:4 :


Innate Abilities, Weirdness & Mutations

You are immune to sickness and miasma.
Your stone body is resilient. (AC +7)
You are immune to poison.
You resist negative energy. (rN+)
You are resistant to electric shocks. (rElec)
You are resistant to unholy torment.
You are immune to petrification.


Message History

(Press . to intensify the flame waves.)
You hear an angry buzzing noise. x3
A wave of flame ripples out!
The flame wave engulfs the wight.
The wight is moderately damaged.
You hear an angry buzzing noise.
A wave of flame ripples out!
The flame wave engulfs the wight!
The wight is severely damaged.
You finish channelling waves of flame.
You hear an angry buzzing noise.
The wight hits you with a +5 scimitar.
* * * LOW HITPOINT WARNING * * *
Casting: Flame Wave (dangerous; 1% risk of failure)
Confirm with . or Enter, or press ? or * to list all spells.
Casting: Flame Wave (dangerous; 1% risk of failure)
Press: ? - help, Dir - look around, f - activate A wave of flame ripples out!
The flame wave engulfs the wight.
The wight is almost destroyed. (Press . to intensify the flame waves.)
You hear an angry buzzing noise.
The wight closely misses you.
A wave of flame ripples out!
The flame wave engulfs the wight.
You destroy the wight!
Sif Muna accepts your kill.
A wave of flame ripples out!
You finish channelling waves of flame. 4 killer bees come into view.
A wight comes into view. It is wielding a +0 battleaxe.
The killer bee stings you.
* * * LOW HITPOINT WARNING * * *
The killer bee barely misses you.
A killer bee comes into view.
The killer bee closely misses you. x2; The killer bee stings you!
* * * LOW HITPOINT WARNING * * *
You see here a +0 leather armour.
A wight comes into view.
It is wielding a +3 battleaxe of freezing.
The killer bee closely misses you.
The killer bee buzzes angrily.
The killer bee completely misses you.
The killer bee attacks as you move away!
The killer bee stings you.
You die...

#####
#..........#
....###.###.#
####.###.###.###
.#..........# ≈.
###.###.### .≈
#.# #.# #)###.#
_ #.#...# §§
#@#.### ≈≈.
####y#.# ≈§≈≈
#..#y#.#
.....#...y..#
#####..z#y###
#...###)#.#
#)z.z.#y#
#)#####.# #. #.#


You could see 5 killer bees.

Vanquished Creatures
  A two-headed ogre (D:8)
  Amaemon (D:8)
  Maggie (D:8)
  Psyche (D:8)
  An orange demon (D:8)
  A steam dragon (D:7)
  4 orc warriors
  A water moccasin (D:5)
  2 black bears (D:6)
  2 ogres (D:5)
  A centaur (D:8)
  An elf zombie (Ossuary)
  3 bullfrogs
  4 necrophages
  3 scorpions
  2 wights (D:8)
  6 killer bees (D:7)
  A hound (D:4)
  7 orc priests
  3 jellies
  Ijyb (D:4)
  6 iguanas
  2 orc wizards (D:8)
  4 hound zombies (Ossuary)
  4 mummies (Ossuary)
  4 adders
  A shadow imp (D:7)
  An adder zombie (Ossuary)
  A worm (D:2)
  5 dart slugs
  24 orcs
  8 ball pythons
  6 endoplasms
  2 giant cockroaches
  12 goblins
  5 hobgoblins
  8 jackals
  5 kobolds
  3 quokkas
  5 bats
  3 frilled lizards
  A gnoll zombie (Ossuary)
  A goblin zombie (Ossuary)
  3 hobgoblin zombies (Ossuary)
  A rat (D:2)
  3 rat zombies
165 creatures vanquished.

Vanquished Creatures (collateral kills)
  3 foxfires
3 creatures vanquished.

Vanquished Creatures (others)
  444 foxfires
  4 plants (D:4)
448 creatures vanquished.

Grand Total: 616 creatures vanquished

Notes
Turn   | Place    | Note
-------+----------+-------------------------------------------
     0 | D:1      | funkygono the Gargoyle Fire Elementalist began the quest
                  | for the Orb.
     0 | D:1      | Reached XP level 1. HP: 10/10 MP: 3/3
   241 | D:1      | Reached XP level 2. HP: 15/15 MP: 3/5
   244 | D:1      | Learned a level 2 spell: Scorch
   961 | D:2      | Reached XP level 3. HP: 19/19 MP: 4/6
   965 | D:2      | Learned a level 3 spell: Kindle Blastsparks
  1233 | D:2      | Found a broken altar of Ashenzari.
  1590 | D:3      | Reached XP level 4. HP: 24/24 MP: 1/8
  1666 | D:3      | Reached XP level 5. HP: 27/28 MP: 0/9
  1684 | D:2      | Learned a level 4 spell: Flame Wave
  1849 | D:3      | Identified the +1 ring mail of the Gate {Dex+3}
  2063 | D:3      | Found Obaid's Antique Weapon Emporium.
  2147 | D:3      | Found a blossoming altar of Fedhas.
  3055 | D:4      | Found Fusutt's Book Emporium.
  3116 | D:4      | Reached XP level 6. HP: 32/32 MP: 8/11
  3118 | D:4      | Noticed Ijyb
  3124 | D:4      | Killed Ijyb
  3636 | D:4      | Reached skill level 5 in Fire Magic
  3920 | D:5      | Entered Level 5 of the Dungeon
  3924 | D:5      | Found a sand-covered staircase.
  3934 | Ossuary  | Entered an ossuary
  3973 | Ossuary  | Reached XP level 7. HP: 31/37 MP: 6/13
  4237 | Ossuary  | Identified the +0 cloak of Pidghuvouwk {*Corrode Dex+5}
  4388 | Ossuary  | Learned a level 4 spell: Olgreb's Toxic Radiance
  4684 | D:5      | Reached skill level 1 in Poison Magic
  4864 | D:5      | Found a staircase to the Ecumenical Temple.
  4870 | D:5      | Reached skill level 5 in Spellcasting
  4870 | D:5      | Reached XP level 8. HP: 42/42 MP: 10/15
  4890 | Temple   | Entered the Ecumenical Temple
  5622 | D:5      | Learned a level 3 spell: Ignite Poison
  6025 | D:6      | Found a shimmering blue altar of Sif Muna.
  6038 | D:6      | Became a worshipper of Sif Muna the Loreminder
  6043 | D:6      | Found a sacrificial altar of Ru.
  6047 | D:6      | Found a sparkling altar of Nemelex Xobeh.
  6732 | D:6      | Identified the +2 robe of the Slightly Bent {Will+ rCorr
                  | Dex+3}
  6837 | D:7      | Reached XP level 9. HP: 31/46 MP: 9/18
  6938 | D:7      | Reached skill level 5 in Conjurations
  7036 | D:7      | Found a hide-covered altar of Uskayaw.
  7533 | D:8      | Found a bloodstained altar of Trog.
  7699 | D:8      | Noticed Maggie
  7833 | D:8      | Killed Maggie
  7954 | D:8      | Reached * piety under Sif Muna
  7958 | D:8      | Noticed Amaemon
  8071 | D:8      | Killed Amaemon
  8072 | D:8      | Reached skill level 5 in Poison Magic
  8072 | D:8      | Reached XP level 10. HP: 40/51 MP: 2/21
  8073 | D:8      | Noticed an orange demon
  8189 | D:8      | Killed an orange demon
  8190 | D:8      | Reached skill level 1 in Transmutations
  8415 | D:8      | Found a burning altar of Makhleb.
  8418 | D:8      | Noticed Psyche
  8420 | D:8      | Noticed a two-headed ogre
  8425 | D:8      | Killed Psyche
  8426 | D:8      | Reached skill level 1 in Fighting
  8427 | D:8      | Killed a two-headed ogre
  8445 | D:8      | HP: 1/52 [killer bee (7)]
  8448 | D:8      | Slain by a killer bee

Illustrated notes

Levels and vault maps discovered:
D:1:      spicycebolla_arrival_clurvy, layout_basic
D:2:      layout_rooms, basic_altar
D:3:      layout_basic, nicolae_overflow_hidden_temple, serial_shops,
          nicolae_shop_statue_plus
D:4:      kennysheep_the_goblin_king, layout_loops_ring, serial_shops,
          shop_fountains, serial_bayou_crossing
D:5:      layout_rooms, minmay_temple_entry_gardened_gates, enter_ossuary_4
D:6:      layout_loops_ring, minmay_overflow_temple_star_quad
D:7:      layout_rooms, mainiacjoe_overflow_alcove_4, kennysheep_nub,
          kennysheep_flooded_box
D:8:      layout_basic, lemuel_crystal_altar, nicolae_tso_swordbearing_angel,
          mainiacjoe_overflow_paths, uniq_amaemon, uniq_maggie, uniq_psyche
Temple:   minmay_temple_curvy_branch

Skill      XL: |  1  2  3  4  5  6  7  8  9 10 |
---------------+-------------------------------+-----
Spellcasting   | 3 4 5 6 7 8 |  8.5
Fire Magic     | 4 5 7 8 |  8.4
Conjurations   | 2 3 4 5 |  5.6
Dodging        | 2 3 |  3.1
Poison Magic   | 1 3 5 6 |  6.2
Transmutations | 1 |  1.6
Fighting       | 1 |  1.1
Maces & Flails | |  0.5
Stealth        | |  2.1

Action                     |  1- 3 |  4- 6 |  7- 9 | 10-12 || total
---------------------------+-------+-------+-------+-------++-------
  Melee: Unarmed           |     2 |       |       |       ||     2
         Club              |     3 |    28 |     6 |       ||    37
         Whip              |       |       |     7 |       ||     7
   Cast: Foxfire           |    48 |    91 |   127 |     5 ||   271
         Scorch            |     5 |    22 |    37 |     2 ||    66
         Kindle Blastspark |       |       |     1 |       ||     1
         Olgreb's Toxic Ra |       |       |    12 |     3 ||    15
         Ignite Poison     |       |       |     8 |     4 ||    12
         Flame Wave        |       |       |     5 |     4 ||     9
    Use: Scroll            |       |    13 |     8 |       ||    21
         Potion            |       |     2 |     2 |       ||     4
 Armour: Robe              |     4 |    62 |    36 |     2 ||   104
  Dodge: Dodged            |     4 |    79 |    59 |    11 ||   153

Table legend: (Time is in decaauts)
 A = Elapsed time spent in this place.
 B = Non-inter-level travel time spent in this place.
 C = Inter-level travel time spent in this place.
 D = Time resting spent in this place.
 E = Time spent auto-exploring this place.
 F = Levels seen in this place.
 G = Mean time per level.
                   A        B        C        D        E       F      G
               +--------+--------+--------+--------+--------+-----+--------+
         Total |   8469 |   8233 |    236 |    136 |   6759 |  10 |  846.9 |
       Dungeon |   7646 |   7415 |    231 |    136 |   6199 |   8 |  955.8 |
        Temple |    341 |    336 |      5 |      0 |    336 |   1 |  341.0 |
       Ossuary |    481 |    481 |      0 |      0 |    224 |   1 |  481.0 |
               +--------+--------+--------+--------+--------+-----+--------+

Top non-repeatable levels by time:
     D:6: 1189 daAuts
     D:4: 1152 daAuts
     D:3: 1004 daAuts
     D:7: 987 daAuts
     D:2: 969 daAuts
     D:5: 897 daAuts
     D:1: 812 daAuts
     D:8: 633 daAuts
 Ossuary: 481 daAuts
  Temple: 341 daAuts
